AoeStats
← Iguano Pop

Nomad

507227665Analyzed
3v3 RM · 15d ago on Sep 17, 2026· 29m 3s· 6 players
Game mode
Random Map
Map size
210×210
Population
200
Speed
Normal
Resources
Standard
Victory
Conquest
Starting age
Dark Age
Ending age
Imperial Age
RankedLock teamsTeams togetherTeam positionsShared explorationLock speedFull tech treeHidden civsTurbo modeCheats
Victory
Defeat
🇦🇷 Spanish · Argentina
1727
+5
🇭🇰 Vietnamese · Hong Kong SAR China
1640
+8
🇨🇳 Dravidians · China
1611
+9
🇫🇷 Dravidians · France
1515
-9
🇨🇳 Persians · China
1513
-9
🇲🇽 Byzantines · Mexico
1300
-4
Perel
3:16 Loom
13:58 Feudal Age
21:16 Castle Age
19:14 Horse Collar
19:34 Double-Bit Axe
20:12 Fletching
20:47 Gold Mining
21:57 Heavy Plow
22:08 Bow Saw
24:10 Bodkin Arrow
24:45 Padded Archer Armor
25:51 Leather Archer Armor
29:26 Ballistics
Long-Long-Way
7:11 Loom
19:19 Feudal Age
19:54 Town Watch
19:58 Double-Bit Axe
22:44 Forging
28:24 Fletching
Iguano Pop
4:53 Loom
14:10 Feudal Age
15:10 Fletching
19:26 Castle Age
18:15 Double-Bit Axe
20:12 Gold Mining
20:22 Bodkin Arrow
20:40 Medium Warships
zypro
9:55 Loom
13:33 Feudal Age
17:01 Double-Bit Axe
19:25 Fishing Lines
23:21 Castle Age
24:33 Medium Warships
24:39 Horse Collar
25:02 Fletching
25:25 Forging
25:10 Gold Mining
28:09 Wheelbarrow
29:03 Hand Cart
FFFExcutor
4:13 Loom
12:36 Feudal Age
18:45 Double-Bit Axe
26:00 Castle Age
24:42 Gold Mining
24:34 Horse Collar
26:52 Medium Warships
27:55 Clinker Construction
qeozouwajqnl
11:42 Loom
14:13 Feudal Age
17:36 Castle Age
15:26 Double-Bit Axe
16:03 Fishing Lines
16:33 Gold Mining
17:05 Padded Archer Armor
18:49 Bow Saw
19:40 Leather Archer Armor
22:05 Town Watch
22:57 Wheelbarrow
24:01 Horse Collar
Connection lost

Rejoining the realm…

Still unreachable

The connection could not be restored.

Session expired

The server has moved on; the page needs a fresh start.